 Dungeon Crawl Stone Soup version 0.30-b1-2-g02819fbbbe (webtiles) character file.

Game seed: 9864532063833100762

10 Alarkh the Trooper (level 2, 24/24 HPs)
             Began as a Demonspawn Chaos Knight on May 20, 2023.
             Was a Plaything of Xom.
             Got out of the dungeon alive.
             The game lasted 00:00:47 (594 turns).

Alarkh the Trooper (Demonspawn Chaos Knight)         Turns: 594, Time: 00:00:47

Health: 24/24      AC:  5    Str: 12    XL:     2   Next: 10%
Magic:  2/2        EV: 11    Int: 13    God:    Xom [.....*]
Gold:   32         SH:  0    Dex: 12    Spells: 1/1 levels left

rFire   + .          .
                       - Unarmed
rCold   . . .        (no shield)
rNeg    . . .        a - +2 leather armour
rPois   .            (no helmet)
rElec   .            (no cloak)
rCorr   .            (no gloves)
SInv    .            (no boots)
Will    .....        (no amulet)
Stlth   +            (no ring)
HPRegen 0.24/turn    (no ring)
MPRegen 0.08/turn

%: no passive effects
@: no status effects
A: ignite blood 1, fire resistance 1, passive freeze, evolution 1, MP-powered
wands
a: Renounce Religion


You escaped.
You worshipped Xom.
You were Xom's teddy bear.
You visited 1 branch of the dungeon, and saw 1 of its levels.

You collected 32 gold pieces.

Inventory:

Armour
 a - a +2 leather armour (worn)
Scrolls
 c - a scroll of brand weapon {unknown}
 d - a scroll of enchant armour {unknown}
 e - a scroll of butterflies {unknown}
 g - a scroll of silence {unknown}
Potions
 f - a potion of attraction {unknown}
 h - 2 potions of haste {unknown}
Miscellaneous
 b - a piece from Xom's chessboard (15/15) (quivered)


   Skills:
 + Level 3.1 Fighting
 - Level 1.7 Armour
 - Level 0.8 Dodging
 * Level 3.1 Unarmed Combat


You had one spell level left.
You didn't know any spells.
Your spell library contained the following spells:

 Spells                   Type           Power      Damage    Failure   Level
 Necrotise                Necr           0%         1d4       36%         1
 Vampiric Draining        Necr           0%         2d6       75%         3
 Agony                    Necr           0%         N/A       100%        5


Dungeon Overview and Level Annotations

Branches:
Dungeon (1/15)

Altars:


Innate Abilities, Weirdness & Mutations

Your demonic aura sometimes causes spilled blood to erupt in flames.
Your flesh is heat resistant. (rF+)
A frigid envelope surrounds you and freezes all who hurt you.
You have hidden genetic potential.
You expend magic power (3 MP) to strengthen your wands.


Message History

You see here a quokka corpse.
You now have 32 gold pieces (gained 11). "You need some minor adjustments, mortal!"
Your body is suffused with distortional energy.
You feel a hidden potential growing inside you.
Your skin feels very cold.
You feel resistant to heat.
You feel your magical essence link to the dungeon's wands.
h - 2 metallic coppery potions Xom twists space around you.
Your surroundings suddenly seem different.
You are now Xom's teddy bear.
Unknown command.
You see here 4 poisoned darts.
You see here 4 poisoned darts.
There is a stone staircase leading down here.
Found 5 stones.
A dart slug comes into view.
A dart slug is nearby!
A dart slug is nearby!
The dart slug launches a dart at you. The slug dart misses you.
The dart slug launches a dart at you.
The slug dart hits you but does no damage.
You hit the dart slug.
The dart slug is moderately wounded.
You hit the dart slug.
The dart slug is almost dead.
The dart slug barely misses you.
You hit the dart slug.
You kill the dart slug!
You have reached level 2!
Your demonic ancestry asserts itself...
Your blood heats up.
A giant cockroach comes into view.
The giant cockroach bites you but does no damage.
The giant cockroach is very cold.
You kill the giant cockroach!
There is a staircase leading out of the dungeon here.
Are you sure you want to leave the Dungeon?
This will make you lose the game!
You have escaped!

#####
##.@.##
##.....##
#.#8≈8#.#
#.#≈≈≈#.#
#.#8≈8#.#
#.#≈≈≈#.#
#.#8~8#.#
##.....##
# ###.###


There were no monsters in sight!

Vanquished Creatures
  A dart slug (D:1)
  2 endoplasms (D:1)
  A giant cockroach (D:1)
  2 quokkas (D:1)
  A rat (D:1)
7 creatures vanquished.

Notes
Turn   | Place    | Note
-------+----------+-------------------------------------------
     0 | D:1      | Alarkh the Demonspawn Chaos Knight began the quest for the
                  | Orb.
     0 | D:1      | Reached XP level 1. HP: 18/18 MP: 1/1
   100 | D:1      | XOM: silly message
   133 | D:1      | XOM: divination: detect creatures
   206 | D:1      | XOM: butterfly on damage
   348 | D:1      | XOM: give mutations
   348 | D:1      | Gained mutation: You have hidden genetic potential. [Xom's
                  | grace]
   348 | D:1      | Gained mutation: A frigid envelope surrounds you and
                  | freezes all who hurt you. [Xom's grace]
   348 | D:1      | Gained mutation: Your flesh is heat resistant. (rF+) [Xom's
                  | grace]
   348 | D:1      | Gained mutation: You expend magic power (3 MP) to
                  | strengthen your wands. [Xom's grace]
   395 | D:1      | XOM: 1-stop teleportation journey
   524 | D:1      | Gained mutation: Your demonic aura sometimes causes spilled
                  | blood to erupt in flames. [demonic ancestry]
   524 | D:1      | Reached XP level 2. HP: 24/24 MP: 2/2
   594 | D:$      | Got out of the dungeon alive.

Illustrated notes

Levels and vault maps discovered:
D:1:      lightli_arrival_statue_moat, layout_loops_cross

Skill      XL: |  1 |
---------------+----+-----
Unarmed Combat | 3 |  3.1
Fighting       | |  3.1
Armour         | |  1.7
Dodging        | |  0.8

Action                     || total
---------------------------++-------
  Melee: Unarmed           ||    33
 Armour: Leather armour    ||     5
  Dodge: Dodged            ||    20
